 Dungeon Crawl Stone Soup version 0.21.1-1-g345015fe64 (webtiles) character file.

374 Knicklaso the Charmwright (level 7, 0/47 HPs)
             Began as a Halfling Skald on Apr 16, 2018.
             Was a Believer of Elyvilon.
             Killed by divine providence
             ... invoked by an orc priest
              (11 damage)
             ... on level 5 of the Dungeon.
             The game lasted 00:13:10 (4652 turns).

Knicklaso the Charmwright (Halfling Skald)          Turns: 4652, Time: 00:13:11

Health: 0/47       AC:  9    Str: 12    XL:     7   Next: 3%
Magic:  10/10      EV: 13    Int: 13    God:    Elyvilon [**....]
Gold:   195        SH:  0    Dex: 14    Spells: 6/10 levels left

rFire    . . .     SeeInvis .   b - +0 hunting sling (freeze)
rCold    + . .     Gourm    .   (shield restricted)
rNeg     . . .     Faith    +   u - +2 ring mail {rC+}
rPois    .         Spirit   .   q - +0 helmet
rElec    .         Reflect  .   w - +0 cloak
rCorr    .         Harm     .   (no gloves)
MR       .....                  (no boots)
Stlth    +.........             o - amulet of faith
HPRegen  0.15/turn              (no ring)
MPRegen  0.12/turn              (no ring)

@: no status effects
A: small, mutation resistance 1
a: Lesser Healing, Heal Other, Divine Protection, Renounce Religion


You were on level 5 of the Dungeon.
You worshipped Elyvilon.
Elyvilon was pleased with you.
You were not hungry.

You visited 1 branch of the dungeon, and saw 5 of its levels.

You collected 195 gold pieces.

Inventory:

Hand Weapons
 a - a +0 short sword
 b - a +0 hunting sling of freezing (weapon)
 n - a +2 dagger of draining
Missiles
 k - 55 stones (quivered)
Armour
 q - a +0 helmet (worn)
 u - a +2 ring mail of cold resistance (worn)
 w - a +0 cloak (worn)
Jewellery
 o - an amulet of faith (around neck)
Wands
 r - a wand of paralysis (12)
Scrolls
 e - 2 scrolls of enchant weapon {unknown}
 g - 3 scrolls of identify {unknown}
 h - a scroll of immolation {unknown}
 i - 3 scrolls of enchant armour {unknown}
 l - a scroll of teleportation {unknown}
 m - a scroll of fog {unknown}
 p - 4 scrolls of remove curse {unknown}
 t - a scroll of fear {unknown}
Potions
 f - a potion of brilliance {unknown}
 j - a potion of magic
 s - a potion of heal wounds {unknown}
 v - a potion of might {unknown}
 x - a potion of ambrosia {unknown}
Books
 c - a book of Battle

   Spells                             Type                      Level
   a - Infusion                       Charms                       1
   b - Shroud of Golubria             Charms/Translocation         2
   c - Song of Slaying                Charms                       2
   d - Spectral Weapon                Hexes/Charms                 3
   e - Regeneration                   Charms/Necromancy            3
Comestibles
 d - 4 rations


   Skills:
 - Level 3.8 Fighting
 - Level 3.8 Short Blades
 - Level 1.1 Armour
 - Level 2.1 Dodging
 + Level 2.3 Spellcasting
 * Level 2.5 Hexes
 + Level 4.2 Charms


You had 6 spell levels left.
You knew the following spells:

 Your Spells              Type           Power        Failure   Level  Hunger
a - Infusion              Chrm           ##..         10%         1    #......
b - Spectral Weapon       Hex/Chrm       ##......     38%         3    ###....


Dungeon Overview and Level Annotations

Branches:
Dungeon (5/15)
 Temple: D:4-7

Altars:
Elyvilon
Hepliaklqana
Makhleb
Trog
The Shining One

Annotations:
D:5 1 transporter


Innate Abilities, Weirdness & Mutations

You are small and have problems with some larger weapons.
You are somewhat resistant to further mutation.


Message History

The orc moves out of view.
The orc throws a tomahawk.
The tomahawk hits you but does no damage.
The orc priest invokes the aid of Beogh against you.
Pain shoots through your body!
* * * LOW HITPOINT WARNING * * *
You see here a tomahawk.
The orc throws a tomahawk.
The tomahawk hits you.
* * * LOW HITPOINT WARNING * * *
You see here a tomahawk.
The orc throws a tomahawk.
The tomahawk hits you but does no damage.
You see here a tomahawk.
Found 9 gold pieces.
You hear some strange, mumbled words.
Something tries to affect you, but you resist.
Found a granite ring.
Found a transporter.
The orc priest calls down the wrath of Beogh upon you.
Beogh smites you!
You die...

#.####
#.(....##........
♣♣♣..............
#♣#(oo.....#>..
+...............
#♣...oo..<#.....
♣♣♣♣♣.......##.....
....................
.............#######
###...#...@).####
≈8#...#.........#
.P#...#........$#
.$#...#.........#
=©#©. #$...<....#
#.........#
............#
##..........#
####..........


You could see an orc priest, an orc wizard and 2 orcs.

Vanquished Creatures
  An ogre (D:4)
  A howler monkey (D:4)
  A crimson imp (D:4)
  A centaur skeleton (D:5)
  Terence (D:3)
  Robin (D:2)
  6 adders
  2 worms
  3 dart slugs
  2 leopard geckos
  3 orcs
  A ball python (D:1)
  4 giant cockroaches
  16 goblins
  9 hobgoblins
  4 jackals
  9 kobolds
  2 quokkas (D:4)
  9 bats
  4 frilled lizards
  15 rats
95 creatures vanquished.

Notes
Turn   | Place    | Note
-------+----------+-------------------------------------------
     0 | D:1      | Knicklaso the Halfling Skald began the quest for the Orb.
     0 | D:1      | Reached XP level 1. HP: 14/14 MP: 3/3
   418 | D:1      | Reached XP level 2. HP: 18/19 MP: 0/4
   892 | D:1      | Reached XP level 3. HP: 25/25 MP: 5/5
  1523 | D:2      | Reached XP level 4. HP: 31/31 MP: 1/6
  1672 | D:2      | Noticed Robin
  1838 | D:2      | Killed Robin
  2443 | D:2      | Found a bloodstained altar of Trog.
  2455 | D:2      | Reached XP level 5. HP: 19/37 MP: 7/7
  2797 | D:2      | Found a hazy altar of Hepliaklqana.
  2852 | D:3      | Learned a level 3 spell: Spectral Weapon
  3043 | D:3      | Found a white marble altar of Elyvilon.
  3063 | D:3      | Noticed Terence
  3066 | D:3      | Became a worshipper of Elyvilon the Healer
  3089 | D:3      | Killed Terence
  3089 | D:3      | Reached skill level 1 in Hexes
  3527 | D:4      | Found a glowing golden altar of the Shining One.
  3553 | D:4      | Reached XP level 6. HP: 40/43 MP: 8/8
  3647 | D:4      | Noticed an ogre
  3721 | D:4      | Killed an ogre
  3863 | D:4      | Reached * piety under Elyvilon
  3960 | D:4      | Found a burning altar of Makhleb.
  4009 | D:4      | Reached skill level 4 in Charms
  4430 | D:4      | Found a glowing golden altar of the Shining One.
  4575 | D:5      | Entered Level 5 of the Dungeon
  4589 | D:5      | Reached XP level 7. HP: 30/47 MP: 10/10
  4633 | D:5      | Reached ** piety under Elyvilon
  4649 | D:5      | Found a transporter.
  4652 | D:5      | Killed from afar by an orc priest

Skill      XL: |  1  2  3  4  5  6 |
---------------+-------------------+-----
Fighting       | 2 3 |  3.8
Short Blades   | 3 |  3.8
Hexes          | 1 2 |  2.5
Spellcasting   | 2 |  2.3
Charms         | 4 |  4.2
Armour         | |  1.1
Dodging        | |  2.1

Action                   |  1- 3 |  4- 6 |  7- 9 || total
-------------------------+-------+-------+-------++-------
Melee: Short sword       |   110 |    64 |       ||   174
 Fire: Hunting sling     |       |   223 |    16 ||   239
 Cast: Infusion          |    12 |     5 |       ||    17
  Use: Potion            |       |     2 |       ||     2
 Stab: Sleeping          |     1 |       |       ||     1
  Eat: Chunk             |     2 |     8 |       ||    10
       Ration            |       |     1 |       ||     1
Armor: Leather armour    |    33 |    33 |       ||    66
       Ring mail         |       |     6 |     3 ||     9
Dodge: Dodged            |    91 |   144 |     3 ||   238
